 Dungeon Crawl Stone Soup version 0.31-a0-924-ge39a22a033 (webtiles) character file.

Game seed: 9376579730185416332

165 Gladio the Chopper (level 5, -3/47 HPs)
             Began as a Hill Orc Fighter on Oct 18, 2023.
             Was a Follower of Okawaru.
             Slain by Edmund
             ... wielding a +5 heavy flail
              (7 damage)
             ... on level 4 of the Dungeon.
             The game lasted 00:04:53 (2679 turns).

Gladio the Chopper (Hill Orc Fighter)               Turns: 2679, Time: 00:04:53

Health: -3/47      AC: 10    Str: 21    XL:     5   Next: 46%
Magic:  5/5        EV:  8    Int:  8    God:    Okawaru [*.....]
Gold:   222        SH:  5    Dex: 16    Spells: 4/4 levels left

rFire   . . .        v - +0 broad axe
rCold   . . .        c - +0 buckler
rNeg    . . .        r - +0 chain mail
rPois   .            g - +0 helmet
rElec   .            (no cloak)
rCorr   .            (no gloves)
SInv    .            (no boots)
Will    +....        k - amulet of faith Stlth
                     h - +6 ring of dexterity
HPRegen 0.27/turn    A - ring of willpower
MPRegen 0.09/turn

%: faith
@: no status effects
A: no striking features
a: Renounce Religion, Heroism


You were on level 4 of the Dungeon.
You worshipped Okawaru.
Okawaru was aware of your devotion.
You visited 1 branch of the dungeon, and saw 4 of its levels.

You collected 222 gold pieces.

Inventory:

Hand Weapons
 a - a +0 war axe
 v - a +0 broad axe (weapon)
Armour
 b - a +0 scale mail
 c - a +0 buckler (worn)
 g - a +0 helmet (worn)
 r - a +0 chain mail (worn)
Jewellery
 h - a +6 ring of dexterity (left hand)
 k - an amulet of faith (around neck)
 o - a ring of magical power
 A - a ring of willpower (right hand)
Wands
 t - a wand of flame (27)
 u - a wand of acid (6)
Scrolls
 e - a scroll of torment {unknown}
 f - a scroll of noise {unknown}
 j - a scroll of silence {unknown}
 m - a scroll of revelation
 n - a scroll of vulnerability {unknown}
 p - a scroll of enchant armour
 q - a scroll of teleportation {unknown}
 y - a scroll of fog {unknown}
 z - a scroll of blinking {unknown}
Potions
 d - a potion of might
 i - 2 potions of curing
 s - 2 potions of heal wounds {unknown}
 w - a potion of brilliance {unknown}
 x - a potion of lignification


   Skills:
 + Level 4.5 Fighting
 * Level 4.9 Axes
 + Level 4.0 Armour
 + Level 4.1 Shields
 + Level 1.3 Invocations


You had 4 spell levels left.
You didn't know any spells.
Your spell library was empty.

Dungeon Overview and Level Annotations

Branches:
Dungeon (4/15)
 Temple: D:4-7

Altars:
Fedhas
Okawaru

Annotations:
D:4 Edmund


Message History

No target in view!
Edmund the Younger comes into view.
He is wielding a +5 heavy flail.
Edmund shouts!
Edmund is nearby!
Found a stone staircase leading up.
Throw: 2 darts (atropa)
Press: ? - help, Q - select action, (/) - cycle Shift-Dir - straight line, f - Edmund
Aim: Edmund, wielding a +5 heavy flail and wearing a +0 leather armour (59% to hit, chance to blind on hit: 51%)
You throw an atropa-tipped dart. The atropa-tipped dart hits Edmund.
Edmund resists.
Throw: dart (atropa)
Press: ? - help, Q - select action, (/) - cycle Shift-Dir - straight line, f/p - Edmund
Aim: Edmund, wielding a +5 heavy flail and wearing a +0 leather armour (59% to hit, chance to blind on hit: 51%)
You throw an atropa-tipped dart. The atropa-tipped dart hits Edmund.
Edmund appears confused.
Edmund seems less confused.
You block Edmund's attack.
You hit Edmund.
Edmund is lightly wounded.
Edmund hits you with a +5 heavy flail!
You closely miss Edmund.
Edmund is lightly wounded.
You closely miss Edmund.
Edmund is lightly wounded.
Edmund is no longer blind.
Edmund hits you with a +5 heavy flail!
You closely miss Edmund.
Edmund is lightly wounded.
Edmund hits you with a +5 heavy flail!
* * * LOW HITPOINT WARNING * * *
Unknown command.
You feel better. Edmund hits you with a +5 heavy flail!
* * * LOW HITPOINT WARNING * * *
Aiming: Corrosive Bolt
Press: ? - help, Q - select action, (/) - cycle Shift-Dir - straight line, f/p - Edmund
Aim: Edmund, wielding a +5 heavy flail and wearing a +0 leather armour (lightly wounded, 71% to hit)
The bolt of acid hits Edmund!
The acid corrodes Edmund!
Edmund is moderately wounded.
Edmund says, "I might not be good at magic, but I can still kill you!"
Edmund hits you with a +5 heavy flail!
You die...
Edmund says, "That'll show my brother!"

#...........#.#........
........#..####.........
........#.## #........##
..........# ###........#
..........###.#.........
........#.....#.....>...
........#.###...........
...##.#.#####..........#
...####.# #.....@@(?....
..............##....$...
.......####.............
.......# ##.............
.......##...............
.......#..#..........#..
............##....##.# .
............##..<.# ..
##..........##


You could see Edmund (corroded).

Vanquished Creatures
  A hound (D:4)
  An orc wizard (D:4)
  3 adders
  A worm (D:3)
  2 dart slugs (D:1)
  9 orcs
  4 endoplasms
  A giant cockroach (D:1)
  7 goblins
  7 hobgoblins
  9 kobolds
  6 quokkas
  8 ball pythons
  3 bats
  2 frilled lizards
  3 rats
67 creatures vanquished.

Notes
Turn   | Place    | Note
-------+----------+-------------------------------------------
     0 | D:1      | Gladio the Hill Orc Fighter began the quest for the Orb.
     0 | D:1      | Reached XP level 1. HP: 19/19 MP: 1/1
   152 | D:1      | Reached XP level 2. HP: 5/27 MP: 2/2
   902 | D:2      | Reached XP level 3. HP: 31/33 MP: 3/3
  1537 | D:3      | Found a faded altar of an unknown god.
  1598 | D:3      | Reached XP level 4. HP: 40/40 MP: 4/4
  1747 | D:3      | Found a blossoming altar of Fedhas.
  1916 | D:3      | Prayed at the altar of an unknown god.
  1916 | D:3      | Became a worshipper of Warmaster Okawaru
  1916 | D:3      | Reached * piety under Okawaru
  2362 | D:4      | Reached XP level 5. HP: 18/47 MP: 5/5
  2559 | D:4      | Reached skill level 1 in Invocations
  2669 | D:4      | Noticed Edmund
  2679 | D:4      | Slain by Edmund

Illustrated notes

Levels and vault maps discovered:
D:1:      dpeg_arrival_erosion, layout_basic, minmay_octomino_c4
D:2:      layout_basic, minmay_door_square, kennysheep_path_1,
          minmay_misc_feat_rugged
D:3:      layout_loops_ring, fedhas_altar_4,
          hellmonk_ecumenical_altar_slurped_away
D:4:      layout_cave_pools, nicolae_overflow_crystal_walls,
          mainiacjoe_overflow_24_doors, uniq_edmund

Skill      XL: |  1  2  3  4  5 |
---------------+----------------+-----
Axes           | 3 4 |  4.9
Fighting       | 4 |  4.5
Shields        | 4 |  4.1
Armour         | 4 |  4.0
Invocations    | 1 |  1.3

Action                     |  1- 3 |  4- 6 || total
---------------------------+-------+-------++-------
  Melee: War axe           |   100 |    17 ||   117
         Broad axe         |       |    88 ||    88
  Throw: Dart              |       |     2 ||     2
  Evoke: Wand              |       |     1 ||     1
    Use: Scroll            |       |     4 ||     4
         Potion            |       |     1 ||     1
 Armour: Scale mail        |    70 |       ||    70
         Chain mail        |     2 |   112 ||   114
  Dodge: Dodged            |    63 |    32 ||    95
  Block: Buckler           |    24 |    35 ||    59

Table legend: (Time is in decaauts)
 A = Elapsed time spent in this place.
 B = Non-inter-level travel time spent in this place.
 C = Inter-level travel time spent in this place.
 D = Time resting spent in this place.
 E = Time spent auto-exploring this place.
 F = Levels seen in this place.
 G = Mean time per level.
                   A        B        C        D        E       F      G
               +--------+--------+--------+--------+--------+-----+--------+
         Total |   2752 |   2655 |     97 |      0 |   2071 |   4 |  688.0 |
       Dungeon |   2752 |   2655 |     97 |      0 |   2071 |   4 |  688.0 |
               +--------+--------+--------+--------+--------+-----+--------+

Top non-repeatable levels by time:
     D:1: 889 daAuts
     D:3: 782 daAuts
     D:2: 648 daAuts
     D:4: 431 daAuts
